TOP OF THE 1ST |
Vista Panthers batting - Pitching for Nevada Noise : RHP José López
|
Pitching: RHP José López
|
|
Batting: RHB Johnny Williams
|
0-0: Called Strike 0-1: Ball 1-1: Ball 2-1: Foul Ball, location: 2F 2-2: Fly out, F9 (Flyball, 9)
|
Batting: LHB Clyde Yarbrough
|
0-0: Called Strike 0-1: Called Strike 0-2: Ball 1-2: Strikes out swinging
|
Batting: RHB Jake Reeves
|
0-0: Foul Ball, location: 2F 0-1: Ball 1-1: Ground out 5-3 (Groundball, 56)
|
Top of the 1st over - 0 runs, 0 hits, 0 errors, 0 left on base; Vista 0 - Nevada 0 |
BOTTOM OF THE 1ST |
Nevada Noise batting - Pitching for Vista Panthers : RHP Javier Moreno
|
Pitching: RHP Javier Moreno
|
|
Batting: LHB Dave Reynolds
|
0-0: Called Strike 0-1: Swinging Strike 0-2: Strikes out looking
|
Batting: RHB Iván Gonzáles
|
0-0: Called Strike 0-1: SINGLE (Line Drive, 89M)
|
Batting: LHB Greg Nelson
|
0-0: Grounds into double play, 5-4-3 (Groundball, 5)
|
Bottom of the 1st over - 0 runs, 1 hit, 0 errors, 0 left on base; Vista 0 - Nevada 0 |
TOP OF THE 2ND |
Vista Panthers batting - Pitching for Nevada Noise : RHP José López
|
Batting: LHB Dante Owens
|
0-0: Called Strike 0-1: TRIPLE (Flyball, 7D)
|
Batting: RHB Stephen Wilson
|
0-0: Ball 1-0: Called Strike 1-1: Ball 2-1: Called Strike 2-2: Ball 3-2: Foul Ball, location: 2F 3-2: Strikes out swinging
|
Batting: LHB Noriaki Sangi
|
0-0: Called Strike 0-1: Ground out 4-3 (Groundball, 34D) Dante Owens scores
|
Batting: RHB Cisco Gatán
|
0-0: Foul Ball, location: 2F 0-1: DOUBLE (Flyball, 89D)
|
Pinch Runner at 2nd Luis Ríos:
|
|
Batting: RHB Justin Burgess
|
0-0: Foul Ball, location: 2F 0-1: Ball 1-1: Swinging Strike 1-2: Foul Ball, location: 2F 1-2: Strikes out swinging
|
Top of the 2nd over - 1 run, 2 hits, 0 errors, 1 left on base; Vista 1 - Nevada 0 |
BOTTOM OF THE 2ND |
Nevada Noise batting - Pitching for Vista Panthers : RHP Javier Moreno
|
Now at C: Luis Ríos
|
|
Batting: RHB Luis Cruz
|
0-0: Called Strike 0-1: Ball 1-1: Ball 2-1: Ball 3-1: Foul Ball, location: 2F 3-2: Strikes out swinging
|
Batting: LHB Milton Watson
|
0-0: Ball 1-0: Fly out, F7 (Flyball, 78D)
|
Batting: RHB Fernando Gálvez
|
0-0: Ball 1-0: Foul Ball, location: 2F 1-1: Swinging Strike 1-2: Foul Ball, location: 2F 1-2: Ball 2-2: Strikes out swinging
|
Bottom of the 2nd over - 0 runs, 0 hits, 0 errors, 0 left on base; Vista 1 - Nevada 0 |
TOP OF THE 3RD |
Vista Panthers batting - Pitching for Nevada Noise : RHP José López
|
Batting: LHB Ramiro Martínez
|
0-0: DOUBLE (Line Drive, 9LM)
|
Batting: RHB Johnny Williams
|
0-0: Ball 1-0: Ball 2-0: Ball 3-0: Foul Ball, location: 2F 3-1: Base on Balls
|
Batting: LHB Clyde Yarbrough
|
0-0: Ball 1-0: Called Strike 1-1: Foul Ball, location: 2F 1-2: Ball 2-2: Ball 3-2: Fly out, F5 (Popup, 5SF)
|
Batting: RHB Jake Reeves
|
0-0: Fly out, F7 (Flyball, 7LM)
|
Batting: LHB Dante Owens
|
0-0: Called Strike 0-1: Ball 1-1: Ball 2-1: Foul Ball, location: 2F 2-2: Fly out, F7 (Flyball, 7S)
|
Top of the 3rd over - 0 runs, 1 hit, 0 errors, 2 left on base; Vista 1 - Nevada 0 |
BOTTOM OF THE 3RD |
Nevada Noise batting - Pitching for Vista Panthers : RHP Javier Moreno
|
Batting: SHB Nate Rhodes
|
0-0: Foul Ball, location: 2F 0-1: Foul Ball, location: 2F 0-2: Ball 1-2: Ball 2-2: Ground out 4-3 (Groundball, 4)
|
Batting: RHB Bill Mark
|
0-0: Ball 1-0: Called Strike 1-1: Foul Ball, location: 2F 1-2: Reached on error, E3 (Groundball, 34)
|
Batting: SHB Derek Roach
|
0-0: Ball 1-0: Called Strike 1-1: Foul Ball, location: 2F 1-2: Ball 2-2: Ball 3-2: Ground out 1-3 (Groundball, 15S) Bill Mark to second
|
Batting: LHB Dave Reynolds
|
0-0: Called Strike 0-1: Foul Ball, location: 2F 0-2: Ball 1-2: Ball 2-2: Foul Ball, location: 2F 2-2: Foul Ball, location: 2F 2-2: Ground out U3 (Groundball, 3)
|
Bottom of the 3rd over - 0 runs, 0 hits, 1 error, 1 left on base; Vista 1 - Nevada 0 |
TOP OF THE 4TH |
Vista Panthers batting - Pitching for Nevada Noise : RHP José López
|
Batting: RHB Stephen Wilson
|
0-0: Ground out 6-3 (Groundball, 6)
|
Batting: LHB Noriaki Sangi
|
0-0: Called Strike 0-1: DOUBLE (Line Drive, 5D)
|
Batting: RHB Luis Ríos
|
0-0: Called Strike 0-1: Ground out 5-3 (Groundball, 56)
|
Batting: RHB Justin Burgess
|
0-0: Called Strike 0-1: Foul Ball, location: 2F 0-2: Strikes out swinging
|
Top of the 4th over - 0 runs, 1 hit, 0 errors, 1 left on base; Vista 1 - Nevada 0 |
BOTTOM OF THE 4TH |
Nevada Noise batting - Pitching for Vista Panthers : RHP Javier Moreno
|
Batting: RHB Iván Gonzáles
|
0-0: Ball 1-0: Fly out, F6 (Flyball, 6D)
|
Batting: LHB Greg Nelson
|
0-0: Ball 1-0: Fly out, F7 (Flyball, 7)
|
Batting: RHB Luis Cruz
|
0-0: Ball 1-0: Called Strike 1-1: Swinging Strike 1-2: Foul Ball, location: 2F 1-2: Strikes out swinging
|
Bottom of the 4th over - 0 runs, 0 hits, 0 errors, 0 left on base; Vista 1 - Nevada 0 |
TOP OF THE 5TH |
Vista Panthers batting - Pitching for Nevada Noise : RHP José López
|
Batting: LHB Ramiro Martínez
|
0-0: Foul Ball, location: 2F 0-1: Swinging Strike 0-2: Fly out, F9 (Flyball, 9LSF)
|
Batting: RHB Johnny Williams
|
0-0: Ball 1-0: Swinging Strike 1-1: Foul Ball, location: 2F 1-2: Ball 2-2: Foul Ball, location: 2F 2-2: Ball 3-2: Fly out, F4 (Line Drive, 4M)
|
Batting: LHB Clyde Yarbrough
|
0-0: Called Strike 0-1: Ball 1-1: Ground out U3 (Groundball, 3L)
|
Top of the 5th over - 0 runs, 0 hits, 0 errors, 0 left on base; Vista 1 - Nevada 0 |
BOTTOM OF THE 5TH |
Nevada Noise batting - Pitching for Vista Panthers : RHP Javier Moreno
|
Batting: LHB Milton Watson
|
0-0: Ball 1-0: Ball 2-0: Foul Ball, location: 2F 2-1: Fly out, F9 (Flyball, 9S)
|
Batting: RHB Fernando Gálvez
|
0-0: Ball 1-0: Fly out, F8 (Flyball, 78D)
|
Batting: SHB Nate Rhodes
|
0-0: Foul Ball, location: 2F 0-1: Ball 1-1: Ball 2-1: Ball 3-1: Foul Ball, location: 2F 3-2: DOUBLE (Flyball, 78XD)
|
Batting: RHB Bill Mark
|
0-0: Ground out 6-3 (Groundball, 6)
|
Bottom of the 5th over - 0 runs, 1 hit, 0 errors, 1 left on base; Vista 1 - Nevada 0 |
TOP OF THE 6TH |
Vista Panthers batting - Pitching for Nevada Noise : RHP José López
|
Batting: RHB Jake Reeves
|
0-0: Ground out 6-3 (Groundball, 6)
|
Batting: LHB Dante Owens
|
0-0: Ball 1-0: Ball 2-0: Foul Ball, location: 2F 2-1: Ball 3-1: Foul Ball, location: 2F 3-2: Fly out, F9 (Flyball, 9S)
|
Batting: RHB Stephen Wilson
|
0-0: Called Strike 0-1: Swinging Strike 0-2: Ground out 5-3 (Groundball, 5S)
|
Top of the 6th over - 0 runs, 0 hits, 0 errors, 0 left on base; Vista 1 - Nevada 0 |
BOTTOM OF THE 6TH |
Nevada Noise batting - Pitching for Vista Panthers : RHP Javier Moreno
|
Batting: SHB Derek Roach
|
0-0: Called Strike 0-1: Fly out, F9 (Flyball, 9S)
|
Batting: LHB Dave Reynolds
|
0-0: Ball 1-0: Foul Ball, location: 2F 1-1: Ground out 6-3 (Groundball, 6MD)
|
Batting: RHB Iván Gonzáles
|
0-0: Called Strike 0-1: Called Strike 0-2: Ball 1-2: Fly out, F4 (Line Drive, 4)
|
Bottom of the 6th over - 0 runs, 0 hits, 0 errors, 0 left on base; Vista 1 - Nevada 0 |
TOP OF THE 7TH |
Vista Panthers batting - Pitching for Nevada Noise : RHP José López
|
Batting: LHB Noriaki Sangi
|
0-0: Ball 1-0: Ball 2-0: Swinging Strike 2-1: Ball 3-1: Base on Balls
|
Pinch Runner at 1st Francisco Medina:
|
|
Batting: RHB Luis Ríos
|
0-0: Ball 1-0: Bunted foul 1-1: Bunted foul 1-2: Ball 2-2: Ball 3-2: Foul Ball, location: 2F 3-2: Fielders Choice at 2nd, 6-4 (Groundball, 6)
|
Batting: RHB Justin Burgess
|
0-0: Foul Ball, location: 2F 0-1: Ball 1-1: Foul Ball, location: 2F 1-2: Strikes out swinging
|
Batting: LHB Ramiro Martínez
|
0-0: Called Strike 0-1: Ball 1-1: Swinging Strike 1-2: Foul Ball, location: 2F 1-2: Ball 2-2: Foul Ball, location: 2F 2-2: Fly out, F1 (Line Drive, 13)
|
Top of the 7th over - 0 runs, 0 hits, 0 errors, 1 left on base; Vista 1 - Nevada 0 |
BOTTOM OF THE 7TH |
Nevada Noise batting - Pitching for Vista Panthers : RHP Javier Moreno
|
Now at 2B: Francisco Medina
|
|
Batting: LHB Greg Nelson
|
0-0: Fly out, F9 (Line Drive, 9)
|
Batting: RHB Luis Cruz
|
0-0: Ball 1-0: Called Strike 1-1: Called Strike 1-2: Fly out, F4 (Popup, 4)
|
Batting: LHB Milton Watson
|
0-0: Called Strike 0-1: Ball 1-1: Called Strike 1-2: Ball 2-2: Ball 3-2: Fly out, F8 (Flyball, 78D)
|
Bottom of the 7th over - 0 runs, 0 hits, 0 errors, 0 left on base; Vista 1 - Nevada 0 |
TOP OF THE 8TH |
Vista Panthers batting - Pitching for Nevada Noise : RHP José López
|
Pitching: RHP Paul Turberville
|
|
Batting: RHB Johnny Williams
|
0-0: Called Strike 0-1: Called Strike 0-2: Ball 1-2: Ball 2-2: Strikes out swinging
|
Batting: LHB Clyde Yarbrough
|
0-0: Called Strike 0-1: Swinging Strike 0-2: SINGLE (Groundball, 4MD)
|
Batting: RHB Jake Reeves
|
0-0: Ball 1-0: Foul Ball, location: 2F 1-1: Ball 2-1: Ball 3-1: Foul Ball, location: 2F 3-2: Foul Ball, location: 2F 3-2: Base on Balls Clyde Yarbrough to second
|
Batting: LHB Dante Owens
|
0-0: Ball 1-0: Foul Ball, location: 2F 1-1: Called Strike 1-2: Foul Ball, location: 2F 1-2: DOUBLE (Groundball, 3L) Clyde Yarbrough scores Jake Reeves to third Runner from 3rd tries for Home, SAFE, no throw
|
Batting: RHB Stephen Wilson
|
0-0: Intentional Walk
|
Pitching: LHP Takeo Nakano
|
|
Batting: LHB Francisco Medina
|
0-0: Ball 1-0: Foul Ball, location: 2F 1-1: SINGLE (Groundball, 34D) Dante Owens to third Stephen Wilson to second Runner from 3rd tries for Home, SAFE, throw made home
|
Batting: RHB Luis Ríos
|
0-0: Called Strike 0-1: Ball 1-1: SINGLE (Groundball, 56D) Stephen Wilson to third Francisco Medina to second
|
Batting: RHB Justin Burgess
|
0-0: Ball 1-0: Called Strike 1-1: Ball 2-1: Ball 3-1: Swinging Strike 3-2: Base on Balls Stephen Wilson scores Francisco Medina to third Luis Ríos to second
|
Batting: LHB Ramiro Martínez
|
0-0: Ball 1-0: Called Strike 1-1: Fly out, F8 (Flyball, 8RS)
|
Batting: RHB Johnny Williams
|
0-0: Ball 1-0: Foul Ball, location: 2F 1-1: Ball 2-1: Foul Ball, location: 2F 2-2: SINGLE (Groundball, 4MD) Francisco Medina scores Luis Ríos to third Justin Burgess to second Runner from 3rd tries for Home, SAFE, throw made home
|
Batting: LHB Clyde Yarbrough
|
0-0: Ball 1-0: Foul Ball, location: 2F 1-1: DOUBLE (Line Drive, 7LS) Justin Burgess scores Johnny Williams to third
|
Batting: RHB Jake Reeves
|
0-0: Called Strike 0-1: Ball 1-1: Ball 2-1: Ball 3-1: Base on Balls
|
Batting: LHB Dante Owens
|
0-0: Called Strike 0-1: Swinging Strike 0-2: Ball 1-2: Strikes out swinging
|
Top of the 8th over - 7 runs, 6 hits, 0 errors, 3 left on base; Vista 8 - Nevada 0 |
BOTTOM OF THE 8TH |
Nevada Noise batting - Pitching for Vista Panthers : RHP Javier Moreno
|
Batting: RHB Fernando Gálvez
|
0-0: Ball 1-0: SOLO HOME RUN (Flyball, 7D), Distance : 405 ft
|
Batting: SHB Nate Rhodes
|
0-0: Called Strike 0-1: Ball 1-1: Foul Ball, location: 2F 1-2: Strikes out swinging
|
Batting: RHB Bill Mark
|
0-0: Foul Ball, location: 2F 0-1: Ball 1-1: Swinging Strike 1-2: Ball 2-2: DOUBLE (Line Drive, 7LS)
|
Pinch Runner at 2nd Jim Tracy:
|
|
Batting: SHB Derek Roach
|
0-0: Called Strike 0-1: Called Strike 0-2: Foul Ball, location: 2F 0-2: Strikes out looking
|
Batting: LHB Dave Reynolds
|
0-0: Ball 1-0: Fly out, F8 (Line Drive, 8LD)
|
Bottom of the 8th over - 1 run, 2 hits, 0 errors, 1 left on base; Vista 8 - Nevada 1 |
TOP OF THE 9TH |
Vista Panthers batting - Pitching for Nevada Noise : LHP Takeo Nakano
|
Now at SS: Jim Tracy
|
|
Batting: RHB Stephen Wilson
|
0-0: Ball 1-0: Foul Ball, location: 2F 1-1: Foul Ball, location: 2F 1-2: Foul Ball, location: 2F 1-2: SINGLE (Groundball, 56D)
|
Batting: LHB Francisco Medina
|
0-0: Foul Ball, location: 2F 0-1: Called Strike 0-2: Strikes out looking
|
Batting: RHB Luis Ríos
|
0-0: Called Strike 0-1: Ball 1-1: SINGLE (Line Drive, 6MD) Stephen Wilson to second
|
Batting: RHB Justin Burgess
|
0-0: Ball 1-0: Called Strike 1-1: Ball 2-1: Foul Ball, location: 2F 2-2: Ball 3-2: Base on Balls Stephen Wilson to third Luis Ríos to second
|
Batting: LHB Ramiro Martínez
|
0-0: Swinging Strike 0-1: Foul Ball, location: 2F 0-2: Foul Ball, location: 2F 0-2: Ball 1-2: Foul Ball, location: 2F 1-2: Foul Ball, location: 2F 1-2: Foul Ball, location: 2F 1-2: Strikes out swinging
|
Batting: RHB Johnny Williams
|
0-0: Swinging Strike 0-1: Ball 1-1: Ball 2-1: Foul Ball, location: 2F 2-2: Foul Ball, location: 2F 2-2: Foul Ball, location: 2F 2-2: Foul Ball, location: 2F 2-2: SINGLE (Line Drive, 8RS) Stephen Wilson scores Luis Ríos to third Justin Burgess to second Runner from 3rd tries for Home, SAFE, no throw
|
Batting: LHB Clyde Yarbrough
|
0-0: Swinging Strike 0-1: Ball 1-1: Ground out 3-1 (Groundball, 34)
|
Top of the 9th over - 2 runs, 3 hits, 0 errors, 2 left on base; Vista 10 - Nevada 1 |
BOTTOM OF THE 9TH |
Nevada Noise batting - Pitching for Vista Panthers : RHP Javier Moreno
|
Batting: RHB Iván Gonzáles
|
0-0: Foul Ball, location: 2F 0-1: Ball 1-1: Ball 2-1: Ball 3-1: Base on Balls
|
Pitching: RHP Craig Lewis
|
|
Batting: LHB Greg Nelson
|
0-0: Ball Passed Ball! Iván Gonzáles to second 1-0: Ground out 4-3 (Groundball, 4) Iván Gonzáles to third
|
Batting: RHB Luis Cruz
|
0-0: Called Strike 0-1: Ball 1-1: Called Strike 1-2: Strikes out looking
|
Batting: LHB Milton Watson
|
0-0: Fly out, F9 (Flyball, 9LM)
|
Bottom of the 9th over - 0 runs, 0 hits, 0 errors, 1 left on base; Vista 10 - Nevada 1 |
|